 Dungeon Crawl Stone Soup version 0.17-a0-1534-gf98da79 (webtiles) character file.

302920 Raurakos the Severer (level 21, -14/201 HPs)
             Began as a Hill Orc Gladiator on July 16, 2015.
             Was the Champion of Ru.
             Shot with a bolt of frost by a yaktaur (18 damage)
             ... led by a vault warden
             ... on level 4 of the Vaults on July 17, 2015.
             The game lasted 04:16:38 (54144 turns).

Raurakos the Severer (Hill Orc Gladiator)          Turns: 54144, Time: 04:16:39

Health: -14/201    AC: 21    Str: 31    XL:     21   Next: 7%
Magic:  0/29       EV: 25    Int: 14    God:    Ru [******]
Gold:   3592       SH:  2    Dex: 26    Spells: 4 memorised, 28 levels left

rFire  . . .     SeeInvis .     a - +9 battleaxe of Qaehen {speed, rElec Int+5 Dex+8}
rCold  . . .     Clarity  .     O - +3 scale mail of the Journeyman {Str+5}
rNeg   . . .     SustAt   .     (no shield)
rPois  .         Gourm    .     Z - +1 helmet {Int+3}
rElec  +         Spirit   +     X - +2 cloak {MR+}
rCorr  .         Warding  .     u - +1 pair of gloves
rMut   .         Stasis   .     U - +0 pair of boots
MR     +++..                    G - amulet of guardian spirit
Stlth  ..........               N - +5 ring of strength
                                D - ring of protection from magic

@: lethally poisoned (-14 -> -15), exhausted, about to teleport, no potions,
regenerating (expiring), repel missiles, drained, extremely resistant to hostile
enchantments, extremely unstealthy
A: repulsion field 1, large bone plates 1, dopey 1, low mp 1, inability to drink
while threatened, no stealth, hated by all, no conjurations magic, no fire
magic, no transmutations magic, vulnerability to harm 1, slow reflexes 1
a: Draw Out Power, Power Leap, Apocalypse, Renounce Religion
}: 2/15 runes: decaying, gossamer


You were on level 4 of the Vaults.
You worshipped Ru.
Ru was exalted by your worship.
You were not hungry.

You visited 7 branches of the dungeon, and saw 40 of its levels.
You also visited: Labyrinth, Ossuary, Ice Cave and Volcano.

You collected 4064 gold pieces.
You spent 472 gold pieces at shops.

Inventory:

Hand weapons
 a - the +9 battleaxe of Qaehen (weapon) {speed, rElec Int+5 Dex+8}
   (You found it on level 4 of the Spider Nest)

   Attacks with this weapon are significantly faster.
   It affects your intelligence (+5).
   It affects your dexterity (+8).
   It insulates you from electricity.
 t - a +1 battleaxe of flaming
Missiles
 d - 4 throwing nets
 Y - 7 javelins (quivered)
Armour
 u - a +1 pair of gloves (worn)
 O - the +3 scale mail of the Journeyman (worn) {Str+5}
   (You found it in a labyrinth)

   It affects your strength (+5).
 U - a +0 pair of boots (worn)
 V - a fire dragon hide
 X - a +2 cloak of magic resistance (worn)
 Z - a +1 helmet of intelligence (worn)
Rods
 b - a +7 lightning rod (14/14)
   (You found it in a labyrinth)
Jewellery
 e - an uncursed ring of see invisible
 o - an uncursed ring of poison resistance
 v - an uncursed ring of teleportation
 D - a ring of protection from magic (left hand)
 G - an amulet of guardian spirit (around neck)
 H - the amulet of Cekugob {Ward -Tele rElec rPois rN++ AC+1 EV+1}
   (You found it on level 2 of the Vaults)

   [amulet of warding]

   It may prevent the melee attacks of summoned creatures.
   It affects your AC (+1).
   It affects your evasion (+1).
   It insulates you from electricity.
   It protects you from poison.
   It greatly protects you from negative energy.
   It prevents most forms of teleportation.
 N - a +5 ring of strength (right hand)
 P - an uncursed amulet of resist mutation
Magical devices
 m - a wand of disintegration (15)
 r - a wand of cold (9)
 z - a wand of teleportation (3)
 I - a wand of hasting (6)
 J - a wand of paralysis (12)
 L - a wand of fire (6)
 W - a wand of digging (14)
Scrolls
 f - 10 scrolls of remove curse
 k - 11 scrolls of teleportation
 y - 5 scrolls of recharging
 A - 4 scrolls of fog
 F - 6 scrolls of magic mapping
 K - 3 scrolls of fear
 M - 3 scrolls of blinking
 R - a scroll of enchant armour
 S - 9 scrolls of identify
Potions
 c - 2 potions of resistance
 g - 11 potions of heal wounds
 i - 2 potions of cure mutation
 j - a potion of might
 n - 5 potions of haste
 q - 21 potions of curing
 x - 6 potions of flight
 B - 2 potions of invisibility
 E - 2 potions of agility
 T - 3 potions of berserk rage
Books
 p - a book of Spatial Translocations

   Spells                             Type                      Level
   a - Apportation                    Translocation                1
   b - Blink                          Translocation                2
   c - Shroud of Golubria             Charms/Translocation         2
   d - Portal Projectile              Translocation                3
   e - Teleport Other                 Translocation                3
   f - Passage of Golubria            Translocation                4
Miscellaneous
 s - a disc of storms
 Q - a plain deck of changes {drawn: 3}
Comestibles
 h - 13 bread rations
 l - 2 beef jerkies
 w - 7 chunks of flesh
 C - 2 slices of pizza


   Skills:
 - Level 20.0(19.5) Fighting
 - Level 20.0(19.5) Axes
 - Level 2.6(2.3) Throwing
 + Level 12.4(12.0) Armour
 - Level 15.0(14.6) Dodging
 - Level 8.0(7.6) Spellcasting
 - Level 12.0(11.6) Charms
 - Level 3.0(2.7) Necromancy
 - Level 9.0(8.6) Translocations
 - Level 11.0(10.6) Evocations


You had 28 spell levels left.
You knew the following spells:

 Your Spells              Type           Power        Failure   Level  Hunger
a - Apportation           Tloc           ####......   1%          1    None
b - Blink                 Tloc           N/A          1%          2    None
c - Repel Missiles        Chrm/Air       ###...       3%          2    None
d - Regeneration          Chrm/Necr      ####......   3%          3    ##.....


Dungeon Overview and Level Annotations

Branches:
Dungeon (15/15)            Temple (1/1) D:4            Lair (8/8) D:9
  Swamp (4/4) Lair:4       Spider (4/4) Lair:4        Slime (0/6) Lair:8
    Orc (4/4) D:11            Elf (0/3) Orc:3        Vaults (4/5) D:13
 Depths (0/5) D:15
  Crypt: Vaults:2-3

Altars:
Dithmenos
Elyvilon
Fedhas
Gozag
Kikubaaqudgha
Nemelex Xobeh
Qazlal
Ru
Sif Muna
Trog
Xom
Yredelemnul
Beogh

Shops:
D:7 }   Orc:2 *   Orc:3 (   Orc:4 ?:=*%   Vaults:1 %*!(   Vaults:2 *
Vaults:3 (

Annotations:
Lair:7 exclusion: oklob plant


Innate Abilities, Weirdness & Mutations

Your magical capacity is low (-10% MP).
You cannot drink potions while threatened.
You cannot be stealthy.
You are hated by all.
You cannot study or cast Conjurations magic.
You cannot study or cast Fire magic.
You cannot study or cast Transmutations magic.
You take slightly more damage. (-3 AC)
You have somewhat slow reflexes. (-3 EV)
You are surrounded by a mild repulsion field (EV +2).
You are partially covered in large bone plates (AC +2, SH +2).
You are dopey. (Int -2)


Message History

You redirect the vault sentinel's attack!
The vault sentinel unwields an uncursed falchion.
The vault sentinel wields an arbalest.
The vault sentinel shoots a steel bolt.
The steel bolt hits the vault sentinel!!
The ironheart preserver begins to cast a spell, but is stunned by your will!
The ironbrand convoker barely misses you.
The vault warden begins to attack, but is stunned by your will!
The deep troll earth mage gestures next to you while chanting.
The door shatters!
The blast of rock fragments hits you!
* * * LOW HITPOINT WARNING * * *
You focus your will and illuminate the deep troll earth mage in retribution!
Casting: Regeneration
Confirm with . or Enter, or press ? or * to list all spells.
You don't have enough magic to cast that spell.
You feel sick.
The ironheart preserver begins to cast a spell, but is stunned by your will!
The ironbrand convoker begins to cast a spell, but is stunned by your will!
The yaktaur wields an arbalest.
The yaktaur shoots a bolt of frost.
The bolt of frost hits you!!
You die...

## #.......#....#.T. .#
.#(......#....+... .#
.+(.))...#....+. .#
#..))...#....# .#
#....)..#....# .#
#......)#)...# ##
#.....c.')...#
#.....pT#)...+
#..@.ppp######
#.......# # #####.####
##############........#
#...(.##.....#........#
'..#......#..#........#
#..#......#..#........#
#..##....##..#........#
#..########..'........#


You could see an ironheart preserver, a vault warden, a vault sentinel, an
ironbrand convoker, a deep troll earth mage and a yaktaur.

Vanquished Creatures
  Mara (Swamp:3)
  Sojobo (Vaults:3)
  Boris (Vaults:3)
  Margery (Vaults:2)
  Jory (Vaults:4)
  Jorgrun (Vaults:2)
  Asterion (Spider:4)
  A sphinx (Vaults:3)
  Agnes (D:15)
  Kirke (Spider:2)
  The ghost of George the Fighter, a mighty MiFi of Makhleb (Swamp:4)
  A thorn hunter (Swamp:4)
  A storm dragon (Vaults:4)
  2 tengu reavers (Vaults:3)
  Roxanne (D:14)
  Wiglaf (Vaults:3)
  6 ghost moths
  The ghost of herpmino the Severer, a mighty DsGl of Makhleb (Spider:1)
  A fire giant (D:15)
  Aizul (Spider:2)
  Louise (D:14)
  4 vault wardens
  8 emperor scorpions
  3 very ugly things (Vaults:2)
  A war gargoyle (Vaults:2)
  2 orc warlords
  3 stone giants
  8 ironheart preservers
  A minotaur (Lab)
  Snorg (Orc:2)
  9 vault guards
  5 yaktaur captains
  2 entropy weavers
  A fire dragon (Vaults:3)
  A ghost crab (Swamp:3)
  Fannar (D:12)
  27 hydras
  The ghost of herpmino the Grappler, a powerful DrTm of Okawaru (Lair:2)
  4 great orbs of eyes
  3 catoblepae
  Erolcha (D:9)
  7 centaur warriors
  2 ice dragons
  5 ogre magi
  11 death yaks (Lair:8)
  3 deep troll earth magi
  12 alligators
  3 deep troll shamans
  7 orc high priests
  A deep elf knight (Vaults:4)
  Urug (Orc:2)
  3 unseen horrors (D:11)
  3 fire crabs
  A skeletal warrior (Vaults:2)
  3 hell knights (Vaults:2)
  2 flayed ghosts
  9 swamp dragons
  4 deep trolls (Vaults:4)
  A wizard (Vaults:3)
  2 shambling mangroves
  A giant orange brain (Vaults:3)
  10 hill giants
  An ice statue (IceCv)
  Pikel (D:4)
  The ghost of mrath the Digger, an experienced GrEE of Vehumet (D:7)
  A deep elf summoner (Vaults:4)
  5 harpies (Vaults:4)
  A deep elf conjurer (Vaults:4)
  4 necromancers
  3 orc sorcerers
  5 ironbrand convokers
  11 orc knights
  4 cyclopes
  27 wolf spiders
  19 ugly things
  22 orb spiders
  7 griffons
  A manticore (D:15)
  3 moths of wrath
  15 hornets
  9 black mambas
  An octopode (shapeshifter) (Vaults:1)
  Maurice (D:12)
  7 vault sentinels
  25 elephants
  A centaur zombie (D:15)
  3 gargoyles
  8 torpor snails
  20 spiny frogs
  A molten gargoyle (Volcano)
  16 yaktaurs
  A kobold demonologist (D:11)
  9 komodo dragons
  4 fire drakes
  9 demonic crawlers
  A yaktaur skeleton (Vaults:2)
  A yaktaur (shapeshifter) (Vaults:4)
  A deep elf priest (Vaults:4)
  A tengu conjurer (D:11)
  11 freezing wraiths
  4 polar bears
  27 jumping spiders
  A wind drake (shapeshifter) (Vaults:2)
  Grinder (D:5)
  5 giant leeches
  11 two-headed ogres
  A minotaur skeleton (Lab)
  19 slime creatures
  A trapdoor spider zombie (D:8)
  7 boulder beetles
  10 blink frogs
  5 trolls
  5 spriggans
  4 shadows
  25 trapdoor spiders
  3 wraiths
  4 wyverns
  6 deep elf magi
  62 redbacks
  A yak (shapeshifter) (Vaults:4)
  19 tarantellas
  6 hogs (Spider:2)
  2 spriggans (shapeshifter)
  3 basilisks (Lair:2)
  45 yaks
  2 fire bats (Volcano)
  12 hippogriffs
  3 deep elf fighters
  16 vampire mosquitoes
  8 wargs
  4 mottled dragons
  17 swamp worms
  12 wolves
  7 insubstantial wisps
  A steam dragon (Lair:8)
  5 hungry ghosts
  Duvessa (D:7)
  19 water moccasins
  3 black bears
  An eye of draining (D:12)
  9 ice beasts
  4 slaves
  13 spiders
  9 swamp drakes
  7 porcupines
  12 wasps
  An eye of draining (shapeshifter) (Vaults:2)
  60 orc warriors
  5 phantoms
  24 ogres
  A sky beast (D:13)
  A necrophage (D:8)
  An ettin simulacrum (Vaults:2)
  7 boggarts
  9 centaurs
  A big kobold (D:7)
  18 crocodiles
  A brain worm (D:14)
  An earth elemental (Lab)
  18 giant frogs
  3 wyvern zombies
  Dowan (D:7)
  An elf zombie (Vaults:2)
  6 scorpions
  8 wights
  A swamp dragon simulacrum (IceCv)
  13 killer bees
  4 lava snakes (Volcano)
  6 electric eels
  3 draconian simulacra (IceCv)
  4 crimson imps
  8 bog bodies
  2 human zombies (D:4)
  3 giant frog skeletons
  2 wasp zombies
  6 centaur skeletons
  5 giant frog zombies
  68 orc priests
  Ijyb (D:3)
  A gnoll shaman (D:7)
  6 hounds
  7 jellies
  8 iguanas
  2 human skeletons (D:4)
  5 troll simulacra (IceCv)
  2 wolf simulacra (IceCv)
  5 worker ants
  4 centaur simulacra
  38 orc wizards
  37 sheep
  A killer bee zombie (D:7)
  7 mummies (Ossuary)
  A hound zombie (D:9)
  2 worker ant zombies
  6 gnolls
  5 ogre simulacra (IceCv)
  17 adders
  56 river rats
  2 shadow imps
  4 naga simulacra (IceCv)
  12 white imps (IceCv)
  An adder skeleton (D:5)
  3 adder zombies
  2 worms
  10 giant geckos
  228 orcs
  3 bat skeletons
  5 giant cockroaches
  17 hobgoblins
  12 jackals
  19 kobolds
  5 quokkas
  10 bats
  A giant cockroach zombie (Ossuary)
  A giant gecko skeleton (D:6)
  4 giant newts
  20 goblins
  A jackal zombie (Ossuary)
  2 orc skeletons (D:4)
  A quokka zombie (Ossuary)
  19 rats
  3 briar patches (Swamp:4)
  21 fungi
  7 plants
1823 creatures vanquished.

Vanquished Creatures (collateral kills)
  A river rat (Lair:3)
1 creature vanquished.

Vanquished Creatures (others)
  Arachne (Spider:2)
  A vault warden (Vaults:4)
  A catoblepas (Lair:8)
  A death yak (Lair:8)
  A necromancer (Vaults:2)
  A wolf spider (Spider:1)
  A deep elf conjurer (Vaults:1)
  An orc knight (Orc:4)
  An elephant (Lair:7)
  A yaktaur (Vaults:1)
  A jumping spider (Spider:3)
  A wolf spider simulacrum (IceCv)
  A tarantella (Spider:2)
  2 redbacks
  A swamp worm (Swamp:3)
  4 orcs
  55 fungi
  34 plants
109 creatures vanquished.

Grand Total: 1933 creatures vanquished

Notes
Turn   | Place    | Note
--------------------------------------------------------------
     0 | D:1      | Raurakos the Hill Orc Gladiator began the quest for the Orb.
     0 | D:1      | Reached XP level 1. HP: 18/18 MP: 1/1
   367 | D:1      | Reached XP level 2. HP: 25/25 MP: 2/2
   628 | D:1      | Reached skill level 5 in Axes
  1013 | D:2      | Reached XP level 3. HP: 30/30 MP: 3/3
  1218 | D:2      | Reached skill level 6 in Axes
  1383 | D:2      | Reached XP level 4. HP: 25/37 MP: 4/4
  1627 | D:3      | Noticed Ijyb
  1650 | D:3      | Killed Ijyb
  1650 | D:3      | Reached skill level 7 in Axes
  1778 | D:3      | Reached XP level 5. HP: 38/42 MP: 5/5
  2139 | D:2      | Reached skill level 8 in Axes
  2413 | D:3      | Found a white marble altar of Elyvilon.
  2413 | D:3      | Found a shimmering altar of Xom.
  2437 | D:3      | Noticed a centaur
  2446 | D:3      | Killed a centaur
  2446 | D:3      | Reached XP level 6. HP: 44/50 MP: 6/6
  2565 | D:4      | Found a sand-covered staircase.
  2695 | Ossuary  | Entered an ossuary
  2733 | Ossuary  | Reached XP level 7. HP: 32/60 MP: 7/7
  2852 | Ossuary  | Reached skill level 5 in Fighting
  3656 | Ossuary  | Upgraded the game from 0.17-a0-1533-g2f57bce to 0.17-a0-1534-gf98da79
  3735 | Ossuary  | Reached XP level 8. HP: 18/74 MP: 8/8
  4318 | D:4      | Found a staircase to the Ecumenical Temple.
  4326 | D:4      | Found a stormy altar of Qazlal.
  4329 | D:4      | Found an opulent altar of Gozag.
  4329 | D:4      | Found an ancient bone altar of Kikubaaqudgha.
  4329 | D:4      | Found a sacrificial altar of Ru.
  4329 | D:4      | Found a shadowy altar of Dithmenos.
  4360 | Temple   | Entered the Ecumenical Temple
  4369 | D:4      | Became a worshipper of Ru the Awakened
  4443 | D:4      | Found a sparkling altar of Nemelex Xobeh.
  4706 | D:4      | Reached skill level 5 in Armour
  4914 | D:5      | Entered Level 5 of the Dungeon
  5122 | D:5      | Noticed Grinder
  5447 | D:5      | Noticed Pikel
  6695 | D:6      | Reached XP level 9. HP: 81/81 MP: 9/9
  6696 | D:6      | Reached skill level 5 in Dodging
  6807 | D:6      | Reached skill level 9 in Axes
  7310 | D:6      | Found a deep blue altar of Sif Muna.
  7645 | D:7      | Noticed mrath's ghost (experienced GrEE)
  7732 | D:7      | Reached skill level 10 in Axes
  7873 | D:7      | Noticed Duvessa
  7892 | D:7      | Noticed Dowan
  7907 | D:7      | Killed Dowan
  7908 | D:7      | Killed Duvessa
  7991 | D:7      | Reached skill level 11 in Axes
  8166 | D:7      | Found Hekheupn's Gadget Shop.
  8950 | D:8      | Reached skill level 12 in Axes
  9164 | D:8      | Found a blossoming altar of Fedhas.
  9175 | D:8      | Reached XP level 10. HP: 88/88 MP: 10/10
  9221 | D:8      | Noticed a centaur warrior
  9455 | D:7      | Reached skill level 13 in Axes
 10142 | D:4      | Killed Pikel
 10142 | D:4      | Reached skill level 14 in Axes
 10627 | D:8      | Killed a centaur warrior
 10893 | D:9      | Reached skill level 15 in Axes
 10927 | D:9      | Noticed Erolcha
 11056 | D:9      | Found a staircase to the Lair.
 11162 | D:9      | Noticed a hill giant
 11163 | Lair:1   | Entered Level 1 of the Lair of Beasts
 11792 | Lair:1   | Reached skill level 16 in Axes
 11878 | Lair:1   | Reached XP level 11. HP: 67/95 MP: 11/11
 12405 | Lair:2   | Found a dark tunnel.
 12426 | Lair:2   | Reached skill level 10 in Fighting
 12440 | Volcano  | Entered a volcano
 12952 | Volcano  | Found a bloodstained altar of Trog.
 12952 | Volcano  | Noticed a fire crab
 12959 | Volcano  | Killed a fire crab
 13677 | Lair:2   | Gained mutation: You cannot be stealthy. [Ru sacrifice]
 13925 | Lair:2   | Reached skill level 1 in Evocations
 13962 | Lair:2   | Noticed herpmino's ghost (powerful DrTm)
 14392 | Lair:2   | Reached skill level 10 in Armour
 14526 | Lair:2   | Reached XP level 12. HP: 74/106 MP: 12/12
 16078 | Lair:3   | Found a labyrinth entrance.
 16085 | Lair:3   | Noticed a four-headed hydra
 16095 | Lab      | Entered a labyrinth
 16222 | Lab      | Found an exit through the horrors of the Abyss.
 16432 | Lab      | Found an exit through the horrors of the Abyss.
 16748 | Lab      | Found an exit through the horrors of the Abyss.
 16820 | Lab      | Noticed a minotaur
 16838 | Lab      | Killed a minotaur
 16856 | Lab      | Got an ichor-stained scale mail
 16860 | Lab      | Got a crude robe
 17130 | Lair:1   | Identified the +0 robe of Dithmenos's Reproof {*Drain rPois MR+ Int+5} (You found it in a labyrinth)
 17141 | Lair:1   | Identified the +3 scale mail of the Journeyman {Str+5} (You found it in a labyrinth)
 17143 | Lair:1   | Identified a +4 rod of the swarm (12/12) (You found it in a labyrinth)
 17256 | Lair:3   | Noticed a five-headed hydra
 17350 | Lair:3   | Killed a four-headed hydra
 17473 | Lair:3   | Killed a five-headed hydra
 17473 | Lair:3   | Reached skill level 10 in Dodging
 17506 | Lair:3   | Gained mutation: You are hated by all. [Ru sacrifice]
 17506 | Lair:3   | Acquired Ru's first power
 17579 | Lair:3   | Noticed a five-headed hydra
 17584 | Lair:3   | Killed a five-headed hydra
 18027 | Lair:3   | Reached XP level 13. HP: 106/113 MP: 16/16
 18289 | Lair:4   | Identified a scroll of acquirement
 18304 | Lair:4   | Reached skill level 5 in Evocations
 18667 | Lair:4   | Found a staircase to the Swamp.
 18772 | Lair:4   | Found a hole to the Spider Nest.
 19262 | Lair:5   | Reached skill level 17 in Axes
 20254 | Lair:6   | Reached skill level 18 in Axes
 20439 | Lair:6   | Identified the Reference Book on the Excruciating Compass
 21067 | Lair:6   | Found an opulent altar of Gozag.
 21346 | Lair:6   | Gained mutation: You cannot drink potions while threatened. [Ru sacrifice]
 21346 | Lair:6   | Acquired Ru's second power
 21346 | Lair:6   | Acquired Ru's third power
 21864 | Lair:7   | Found a bloodstained altar of Trog.
 21940 | Lair:7   | Reached XP level 14. HP: 103/127 MP: 17/17
 22946 | Lair:8   | Entered Level 8 of the Lair of Beasts
 22983 | Lair:8   | Gained mutation: You cannot study or cast Fire magic. [Ru sacrifice]
 22983 | Lair:8   | Gained mutation: You cannot study or cast Transmutations magic. [Ru sacrifice]
 22983 | Lair:8   | Gained mutation: You cannot study or cast Conjurations magic. [Ru sacrifice]
 22983 | Lair:8   | Acquired Ru's fourth power
 23133 | Lair:7   | You fall through a shaft!
 23201 | Lair:8   | Reached skill level 15 in Fighting
 23246 | Lair:8   | Found a staircase to the Slime Pits.
 24889 | Lair:8   | Reached XP level 15. HP: 111/141 MP: 21/21
 25017 | Lair:8   | Reached skill level 19 in Axes
 25467 | D:9      | Killed a hill giant
 25483 | D:9      | Killed Erolcha
 25885 | D:7      | Killed mrath's ghost
 26148 | D:5      | Killed Grinder
 26548 | D:10     | Entered Level 10 of the Dungeon
 27271 | D:11     | Reached skill level 20 in Axes
 27454 | D:11     | Found a staircase to the Orcish Mines.
 27950 | D:11     | Gained mutation: You take slightly more damage. (-3 AC) [Ru sacrifice]
 27950 | D:11     | Acquired Ru's fifth power
 28041 | Orc:1    | Entered Level 1 of the Orcish Mines
 28097 | Orc:1    | Found a roughly hewn altar of Beogh.
 28415 | Orc:2    | Noticed Urug
 28422 | Orc:2    | Killed Urug
 28517 | Orc:2    | Found Cats's General Store.
 28542 | Orc:2    | Noticed Snorg
 28551 | Orc:2    | Killed Snorg
 29129 | Orc:2    | Found a roughly hewn altar of Beogh.
 29257 | Orc:2    | Found a bloodstained altar of Trog.
 29300 | Orc:2    | Gained mutation: You have somewhat slow reflexes. (-3 EV) [Ru sacrifice]
 29810 | Orc:3    | Found a staircase to the Elven Halls.
 29815 | Orc:3    | Found a frozen archway.
 29912 | IceCv    | Entered an ice cave
 30163 | IceCv    | Found an ancient bone altar of Kikubaaqudgha.
 30985 | Lair:1   | Gained mutation: You are dopey. (Int -2) [potion of mutation]
 30985 | Lair:1   | Gained mutation: You are surrounded by a mild repulsion field (EV +2). [potion of mutation]
 31267 | Orc:3    | Gained mutation: Your magical capacity is low (-10% MP). [Ru sacrifice]
 31615 | Orc:3    | Found Fixeno's Weapon Boutique.
 31772 | Orc:3    | Found a roughly hewn altar of Beogh.
 31945 | Orc:4    | Entered Level 4 of the Orcish Mines
 31945 | Orc:4    | Found a roughly hewn altar of Beogh.
 32015 | Orc:4    | Reached XP level 16. HP: 134/149 MP: 19/19
 32017 | Orc:4    | Found Kaut Lod's Magic Scroll Shop.
 33034 | Orc:4    | Reached skill level 15 in Dodging
 33396 | Orc:4    | Found Wareremp's Food Shop.
 33399 | Orc:4    | Found Usmesoni's Jewellery Boutique.
 33400 | Orc:4    | Found Uziwuz's Book Shop.
 33401 | Orc:4    | Found Sufat's General Store.
 33899 | D:12     | Noticed Maurice
 33916 | D:12     | Killed Maurice
 34043 | D:12     | Noticed Fannar
 34058 | D:12     | Killed Fannar
 34769 | D:13     | Found a gate to the Vaults.
 35284 | D:14     | Noticed Roxanne
 35302 | D:14     | Killed Roxanne
 35480 | D:14     | Identified Roxanne's Disquisition on Earthen Shape Shifting (You took it off Roxanne on level 14 of the Dungeon)
 35548 | D:14     | Noticed Louise
 35573 | D:14     | Killed Louise
 36098 | D:15     | Entered Level 15 of the Dungeon
 36233 | D:15     | Noticed Agnes
 36255 | D:15     | Killed Agnes
 36649 | D:15     | Found a staircase to the Depths.
 37664 | Spider:1 | Entered Level 1 of the Spider Nest
 37680 | Spider:1 | Reached XP level 17. HP: 161/161 MP: 20/20
 38398 | Orc:4    | Bought an uncursed ring of see invisible for 210 gold pieces
 39424 | Spider:1 | Noticed herpmino's ghost (mighty DsGl)
 39439 | Spider:1 | Killed herpmino's ghost
 39602 | Spider:1 | Gained mutation: You are partially covered in large bone plates (AC +2, SH +2). [potion of mutation]
 39602 | Spider:1 | Gained mutation: Your magical capacity is very low (-20% MP). [potion of mutation]
 39602 | Spider:1 | Lost mutation: Your magical capacity is very low (-20% MP). [potion of mutation]
 40049 | Spider:2 | Got a spiked scale mail
 40137 | Spider:2 | Identified the cursed +0 scale mail of Cocytus {+Fly} (You found it on level 2 of the Spider Nest)
 40179 | Spider:2 | Noticed Aizul
 40636 | Spider:2 | Killed Aizul
 40774 | Spider:2 | Noticed Arachne
 40894 | Spider:2 | Killed Arachne
 41117 | Spider:2 | Noticed Kirke
 41142 | Spider:2 | Killed Kirke
 41835 | Lair:1   | Learned a level 3 spell: Regeneration
 42220 | Lair:2   | Killed herpmino's ghost
 42220 | Lair:2   | Reached skill level 1 in Charms
 43476 | Spider:4 | Entered Level 4 of the Spider Nest
 43550 | Spider:4 | Got a brightly glowing battleaxe
 43553 | Spider:4 | Reached XP level 18. HP: 178/178 MP: 21/21
 43556 | Spider:4 | Identified the +9 battleaxe of Qaehen {speed, rElec Int+5 Dex+8} (You found it on level 4 of the Spider Nest)
 43562 | Spider:4 | Got a faintly glowing scale mail
 43578 | Spider:4 | Reached skill level 5 in Charms
 43593 | Spider:3 | Identified the cursed +1 scale mail "Kaeffein" {rF+} (You found it on level 4 of the Spider Nest)
 43690 | Spider:4 | Noticed Asterion
 43717 | Spider:4 | Killed Asterion
 45212 | Spider:4 | Got a gossamer rune of Zot
 45618 | Swamp:1  | Entered Level 1 of the Swamp
 46253 | Swamp:1  | Reached skill level 10 in Charms
 46269 | Swamp:1  | Reached skill level 1 in Necromancy
 47299 | Swamp:2  | Learned a level 2 spell: Repel Missiles
 47302 | Swamp:2  | Learned a level 2 spell: Blink
 48188 | Swamp:3  | Noticed Mara
 48196 | Swamp:3  | Noticed Raurakos's illusion
 48206 | Swamp:3  | Killed Mara
 48206 | Swamp:3  | Reached XP level 19. HP: 143/185 MP: 14/22
 48615 | Swamp:4  | Entered Level 4 of the Swamp
 48702 | Swamp:4  | Noticed George's ghost (mighty MiFi)
 48732 | Swamp:4  | Killed George's ghost
 48836 | Swamp:4  | Reached skill level 1 in Translocations
 49355 | Swamp:4  | Got a decaying rune of Zot
 49757 | Vaults:1 | Entered Level 1 of the Vaults
 49874 | Vaults:1 | Reached skill level 5 in Translocations
 49936 | Vaults:1 | Reached skill level 1 in Spellcasting
 49971 | Vaults:1 | Found Fuenaefewk's Assorted Antiques.
 49972 | Vaults:1 | Found Nojuh Pel's Distillery.
 49979 | Vaults:1 | Bought a scroll of enchant armour for 262 gold pieces
 50004 | Vaults:1 | Found Letezxev's Antique Weapon Shoppe.
 50449 | Vaults:1 | Found Tipumaewarr's Food Emporium.
 50487 | Vaults:1 | Learned a level 1 spell: Apportation
 50958 | Vaults:2 | Found a staircase to the Crypt.
 50958 | Vaults:2 | Found a basalt altar of Yredelemnul.
 50990 | Vaults:2 | Found an ancient bone altar of Kikubaaqudgha.
 51053 | Vaults:2 | Noticed Jorgrun
 51064 | Vaults:2 | Killed Jorgrun
 51068 | Vaults:2 | Reached skill level 5 in Spellcasting
 51207 | Vaults:2 | Found Donot's General Store.
 51630 | Vaults:2 | Noticed Margery
 51647 | Vaults:2 | Killed Margery
 51846 | Vaults:2 | Reached XP level 20. HP: 186/193 MP: 22/24
 52397 | Vaults:3 | Noticed Wiglaf
 52411 | Vaults:3 | Killed Wiglaf
 52449 | Vaults:3 | Noticed Sojobo
 52457 | Vaults:3 | Killed Sojobo
 52524 | Vaults:3 | Found Kafrucih's Weapon Emporium.
 52791 | Vaults:3 | Noticed Boris
 52817 | Vaults:3 | Killed Boris
 53905 | Vaults:4 | Reached skill level 10 in Evocations
 54047 | Vaults:4 | Noticed Jory
 54075 | Vaults:4 | Killed Jory
 54075 | Vaults:4 | Reached XP level 21. HP: 174/201 MP: 21/29
 54134 | Vaults:4 | Paralysed by a hornet for 3 turns
 54143 | Vaults:4 | HP: 4/201 [deep troll earth mage/blast of rock fragments[an ironheart preserver] (14)]
 54144 | Vaults:4 | Shot with a bolt of frost by a yaktaur

Vault maps used:
D:1:      minmay_arrival_diagonal_passages
D:3:      gammafunk_temple_overflow_statue, serial_bayou_pond_c, uniq_iyjb
D:4:      grunt_temple_overflow_open, nicolae_ossuary_entry_catacombs,
          first_bread, nemelex_spade_bored_becter
D:5:      uniq_pikel, uniq_grinder
D:6:      kennysheep_orc_sif_temple
D:7:      serial_shops, shop_fountains, uniq_duvessa
D:8:      hangedman_tree_tricks
D:9:      erik_lair_orcish_takeover, hangedman_decor_slide_cut, uniq_erolcha
D:11:     david_orc_1_choice, minmay_evil_grid
D:12:     uniq_fannar, uniq_maurice
D:13:     lightli_vaults_fourway_checkpoint, onia_ninara_dug_in_and_dangerous
D:14:     minmay_misc_feat_ornament, uniq_roxanne, uniq_louise
D:15:     grunt_enter_depths_giant_problem, hex_medium, uniq_agnes
Temple:   chambers_temple_12
Lair:2:   mu_elephants_graveyard, nicolae_volcano_entry_lava_flow
Lair:3:   lab_entry_generic, serial_bayou_pond_c, st_stairs_12, ldierk_geyser
Lair:4:   swamp_mist_pool, spider_nest_entry_webs
Lair:5:   grunt_megastairs_2
Lair:6:   basic_altar, guppyfry_lair_drakes, serial_bayou_shore_b
Lair:7:   beast_lair_carwin_large_4, lemuel_oklob_altar, grunt_megastairs_3,
          lemuel_fruit_fields
Lair:8:   evilmike_catoblepas_cave, minmay_slime_entry_pillars,
          lemuel_fruit_tree, infiniplex_staircase_pool_2
Swamp:1:  evilmike_swamp_ruin_rubble_1, swamp_pool1
Swamp:2:  hangedman_swamp_blocks, swamp_pool1
Swamp:3:  serial_swamp_ruin, hangedman_swamp_ruin_wall,
          evilmike_swamp_ruin_house_6, swamp_pool4, infiniplex_staircase_pool,
          uniq_mara
Swamp:4:  swamp
Spider:2: hangedman_stitches_earthworm, uniq_arachne, uniq_kirke, uniq_aizul
Spider:4: spider_rune_water, nicolae_spider_cling_ruins, uniq_asterion
Orc:1:    basic_altar
Orc:2:    orc_temple, serial_shops, shop, trog_book, uniq_urug, uniq_snorg
Orc:3:    nicolae_orc_accident_2, portal_ice_cave_entry_animals_and_master,
          serial_shops, shop, nicolae_orc_pool_cavern
Orc:4:    st_orc_pillars, serial_shops,
          nicolae_shop_temple_entry_statues_fountains, basic_altar
Vaults:1: vaults_room_semicircle, nicolae_vaults_circle_grid_b,
          hangedman_vaults_snaps, vaults_room_pools, vaults_dpeg_hooks,
          serial_shops, shop, nicolae_shop_behind_doors, shop, shop_statue
Vaults:2: st_lattice, minmay_crypt_entry_necro_gods, v_pattern_2,
          vaults_dpeg_cross, grunt_vaults_diagonal,
          nicolae_vaults_mini_display_case, ontoclasm_vaults_ligature, v_misc_8,
          hangedman_vaults_stitches, nicolae_vaults_what_the_h,
          grunt_vaults_swirl, nicolae_vaults_little_squares_4,
          hangedman_vaults_river_flow, vaults_mumra_chevron_long, serial_shops,
          nicolae_shop_statue_plus, uniq_margery, uniq_jorgrun
Vaults:3: vaults_room_octagon, dpeg_vaults_monster_row, ontoclasm_vaults_spin,
          vaults_dpeg_doors, vaults_dpeg_diagonal, serial_shops,
          nicolae_shop_stone, uniq_sojobo, uniq_boris, uniq_wiglaf
Vaults:4: nicolae_vaults_circle_grid_a, ontoclasm_vaults_hangar,
          hangedman_vaults_impose, nicolae_vaults_little_squares_4,
          nicolae_vaults_little_squares_5, v_rooms_3,
          vaults_standard_mumra_lines, v_rooms_6, v_pattern_3, v_misc_11,
          hangedman_vaults_trim, v_misc_17, vaults_room_semicircle,
          hangedman_vaults_impose, nicolae_vaults_little_squares_6, uniq_jory
Lab:      nicolae_lab_swirl, nicolae_lab_diamond, nicolae_lab_flowing_pool,
          labyrinth_baited_teleportation_trap, labyrinth_skeletal_remains,
          nicolae_lab_grate, nicolae_lab_hexagon, nicolae_lab_lava
Ossuary:  ossuary_zaba_flooded
IceCv:    ice_cave_small_necro
Volcano:  volcano_lake

Action                   |  1- 3 |  4- 6 |  7- 9 | 10-12 | 13-15 | 16-18 | 19-21 || total
-------------------------+-------+-------+-------+-------+-------+-------+-------++-------
Melee: War axe           |   101 |   186 |   650 |  1002 |    41 |       |       ||  1980
       Broad axe         |       |       |       |       |   569 |       |       ||   569
       Battleaxe         |       |       |       |       |   800 |  1591 |   925 ||  3316
       Demon whip        |       |       |       |       |       |    29 |    48 ||    77
Throw: Stone             |     3 |    15 |     4 |    12 |       |       |       ||    34
       Throwing net      |       |       |     2 |       |     1 |       |       ||     3
       Javelin           |       |       |       |       |     6 |     3 |       ||     9
 Cast: Regeneration      |       |       |       |       |       |     2 |    28 ||    30
       Repel Missiles    |       |       |       |       |       |     1 |     7 ||     8
       Blink             |       |       |       |       |       |       |     9 ||     9
Invok: Reject Sacrifices |       |       |     2 |       |     1 |       |       ||     3
       Sacrifice Stealth |       |       |       |     1 |       |       |       ||     1
       Sacrifice Love    |       |       |       |     1 |       |       |       ||     1
       Sacrifice Drink   |       |       |       |       |     1 |       |       ||     1
       Sacrifice Arcana  |       |       |       |       |     1 |       |       ||     1
       Sacrifice Health  |       |       |       |       |     2 |       |       ||     2
       Draw Out Power    |       |       |       |       |     1 |     3 |     2 ||     6
       Sacrifice Essence |       |       |       |       |     1 |       |       ||     1
Evoke: Wand              |       |       |     2 |     7 |       |     1 |       ||    10
       Rod               |       |       |       |    14 |    50 |     3 |    10 ||    77
       Deck              |       |       |       |       |     1 |     2 |       ||     3
  Use: Scroll            |     5 |     1 |     8 |     7 |    17 |    10 |     5 ||    53
       Potion            |       |     1 |     1 |     7 |     2 |     1 |       ||    12
 Stab: Distracted        |       |       |       |       |     5 |     6 |     5 ||    16
       Fleeing           |       |       |       |       |     1 |       |       ||     1
       Invisible         |       |       |       |       |     5 |    22 |    11 ||    38
       Held in net/web   |       |       |       |       |     2 |       |       ||     2
       Paralysed         |       |       |       |       |     5 |    15 |     8 ||    28
  Eat: Chunk             |     2 |     4 |    18 |    22 |    47 |    36 |    23 ||   152
       Beef jerky        |       |       |     2 |       |       |       |     1 ||     3
       Bread ration      |       |       |     1 |     1 |       |     4 |       ||     6
       Pizza             |       |       |     1 |       |       |       |       ||     1
       Meat ration       |       |       |       |     1 |       |       |       ||     1
